 Dungeon Crawl Stone Soup version 0.27-a0-1296-g8ece459b43 (webtiles) character file.

Game seed: 9722470379884269648

961 HAL9000 the Covert (level 8, -2/38 HPs)
             Began as a Vine Stalker Brigand on June 16, 2021.
             Slain by Pikel (3 damage)
             ... on level 6 of the Dungeon.
             The game lasted 00:11:00 (5671 turns).

HAL9000 the Covert (Vine Stalker Brigand)           Turns: 5671, Time: 00:11:01

Health: -2/38      AC:  3    Str: 17    XL:     8   Next: 15%
Magic:  0/9        EV: 11    Int: 11    God:
Gold:   215        SH:  0    Dex: 15    Spells: 7/7 levels left

rFire    . . .     SeeInvis .   a - +2 dagger
rCold    . . .     Faith    +   (no shield)
rNeg     . . .     Spirit   +   b - +0 robe
rPois    .         Reflect  .   (no helmet)
rElec    .         Harm     .   c - +0 cloak
rCorr    +         Rampage  .   (no gloves)
Will     +....                  (no boots)
Stlth    ++++......             v - amulet of faith
HPRegen  1.12/turn              o - ring of resist corrosion
MPRegen  0.11/turn              A - ring of wizardry

@: no status effects
A: fangs 3, regeneration 1, magic shield, antimagic bite, no potion heal 2
a: no special abilities


You were on level 6 of the Dungeon.
You visited 1 branch of the dungeon, and saw 8 of its levels.

You collected 215 gold pieces.

Inventory:

Hand Weapons
 a - a +2 dagger (weapon)
Missiles
 d - 15 poisoned darts (quivered)
Armour
 b - a +0 robe (worn)
 c - a +0 cloak (worn)
Jewellery
 o - a ring of resist corrosion (left hand)
 v - an amulet of faith (around neck)
 A - a ring of wizardry (right hand)
Wands
 q - a wand of acid (2)
 z - a wand of flame (33)
Scrolls
 e - a scroll of immolation {unknown}
 g - 2 scrolls of identify {unknown}
 h - 2 scrolls of silence {unknown}
 i - a scroll of fear {unknown}
 k - a scroll of brand weapon {unknown}
 m - 2 scrolls of amnesia {unknown}
 n - 3 scrolls of enchant weapon {unknown}
 r - 3 scrolls of teleportation
 t - a scroll of magic mapping {unknown}
 y - a scroll of vulnerability {unknown}
 B - a scroll of enchant armour {unknown}
Potions
 f - a potion of curing
 j - a potion of haste
 l - 2 potions of lignification {unknown}
 p - a potion of invisibility {unknown}
 s - 2 potions of might {unknown}
 u - a potion of heal wounds {unknown}
 w - 2 potions of attraction {unknown}
 x - 2 potions of ambrosia {unknown}


   Skills:
 - Level 1.7 Fighting
 - Level 6.9 Short Blades
 - Level 1.7 Throwing
 - Level 0.7 Dodging
 + Level 8.6 Stealth


You had 7 spell levels left.
You didn't know any spells.
Your spell library contained the following spells:

 Spells                   Type           Power      Damage    Failure   Level
 Animate Skeleton         Necr           0%         N/A       14%         1
 Pain                     Necr           0%         1d4       14%         1
 Vampiric Draining        Necr           0%         2d6       38%         3
 Animate Dead             Necr           0%         N/A       77%         4
 Agony                    Necr           0%         N/A       98%         5


Dungeon Overview and Level Annotations

Branches:
Dungeon (8/15)
 Temple: D:4-7         Lair: D:8-11

Altars:
Elyvilon
Nemelex Xobeh
Sif Muna
Trog
Wu Jian

Shops:
D:2 [   D:8 [

Annotations:
D:6 Pikel


Innate Abilities, Weirdness & Mutations

You have razor-sharp teeth.
Your natural rate of healing is unusually fast.
When hurt, damage is shared between your health and your magic reserves.
Your bite disrupts and absorbs the magic of your enemies.
Potions cannot restore your health.


Message History

Pikel misses you.
You hit Pikel but do no damage. You bite Pikel, but do no damage.
Pikel is severely wounded.
You hit Pikel but do no damage.
Pikel is severely wounded.
The lemure looks more healthy.
Pikel closely misses you.
You hit Pikel but do no damage.
Pikel is severely wounded.
Pikel barely misses you.
You barely miss Pikel. You bite Pikel, but do no damage.
Pikel is severely wounded.
You hit Pikel. You bite Pikel, but do no damage.
Pikel is almost dead.
Pikel waves his whip at you.
Pikel hits you with a +2 whip of freezing.
Pikel freezes you.
You barely miss Pikel. You bite Pikel, but do no damage.
Pikel is almost dead.
You closely miss Pikel.
Pikel is almost dead.
Pikel hits you with a +2 whip of freezing!
Pikel freezes you.
You hit Pikel but do no damage. You bite Pikel, but do no damage.
Pikel is almost dead.
Pikel barely misses you.
You closely miss Pikel. You bite Pikel, but do no damage.
Pikel is almost dead.
You hit Pikel.
Pikel is almost dead.
Pikel hits you with a +2 whip of freezing!
* * * LOW HITPOINT WARNING * * *
Pikel freezes you.
* * * LOW HITPOINT WARNING * * *
Unknown command.
You hit Pikel but do no damage. You bite Pikel, but do no damage.
Pikel is almost dead.
Pikel hits you with a +2 whip of freezing!
* * * LOW HITPOINT WARNING * * *
Pikel freezes you.
You die...

....## #..# ##.......
....######## #..##
#........ #..........#
##..###........
#########..#
#...#....(.... ##..#
##............ ##..##
##........... ##..##
##...........
######..##
#########........)...
.......##
##...@K5....(.........
########
#.>.###5....#.........
# #.###
#######......... #.##
#)........ ###### #..#
#........$ ####....##
##.# ####.........
.........## #.#
##..#.........
..........###.#
##.............
.####..##.....#
##..###........


You could see Pikel and 2 lemures.

Vanquished Creatures
  Menkaure (D:6)
  Duvessa (D:6)
  2 sky beasts
  2 lemures (D:6)
  Dowan (D:6)
  A water moccasin zombie (D:5)
  A howler monkey (D:5)
  2 bullfrog zombies
  2 hounds
  An orc priest (D:5)
  Crazy Yiuf (D:4)
  A centaur skeleton (D:6)
  An iguana (D:3)
  A hound skeleton (D:4)
  4 gnolls (D:3)
  5 adders
  An ufetubus (D:4)
  An adder skeleton (D:4)
  A worm (D:3)
  A dart slug (D:1)
  5 orcs
  4 endoplasms
  A giant cockroach (D:1)
  4 goblins
  4 hobgoblins
  3 jackals (D:4)
  7 kobolds
  3 quokkas
  4 ball pythons
  3 bats
  3 frilled lizards
  4 rats
76 creatures vanquished.

Notes
Turn   | Place    | Note
-------+----------+-------------------------------------------
     0 | D:1      | HAL9000 the Vine Stalker Brigand began the quest for the
                  | Orb.
     0 | D:1      | Reached XP level 1. HP: 11/11 MP: 2/2
   113 | D:1      | Reached skill level 5 in Stealth
   339 | D:1      | Reached XP level 2. HP: 15/15 MP: 3/3
   690 | D:1      | Found a faded altar of an unknown god.
  1105 | D:2      | Found a shimmering blue altar of Sif Muna.
  1165 | D:2      | Reached skill level 6 in Stealth
  1288 | D:2      | Found Koifeo's Antique Armour Shop.
  1681 | D:3      | Reached XP level 3. HP: 12/18 MP: 1/4
  2343 | D:3      | Gained mutation: Your natural rate of healing is unusually
                  | fast. [Vine Stalker growth]
  2343 | D:3      | Reached XP level 4. HP: 23/23 MP: 5/5
  2371 | D:3      | Reached skill level 7 in Stealth
  2604 | D:3      | Reached skill level 8 in Stealth
  2604 | D:3      | Reached XP level 5. HP: 22/26 MP: 6/6
  3409 | D:4      | Found a runed translucent door.
  3410 | D:4      | Noticed Crazy Yiuf
  3429 | D:4      | Killed Crazy Yiuf
  3430 | D:4      | Reached XP level 6. HP: 30/30 MP: 7/7
  3883 | D:4      | Found an ornate altar of the Wu Jian Council.
  3885 | D:4      | Found a white marble altar of Elyvilon.
  3887 | D:4      | Found a sparkling altar of Nemelex Xobeh.
  3887 | D:4      | Found a bloodstained altar of Trog.
  4088 | D:5      | Entered Level 5 of the Dungeon
  4101 | D:5      | Noticed an acid dragon
  4101 | D:5      | Noticed a two-headed ogre
  4135 | D:5      | Noticed a sky beast
  4161 | D:4      | Killed a sky beast
  4344 | D:5      | Reached XP level 7. HP: 29/34 MP: 8/8
  4400 | D:5      | Reached skill level 5 in Short Blades
  4501 | D:5      | You fall into a shaft and drop 3 floors!
  4540 | D:8      | Found Yhanuunwoa's Antique Armour Emporium.
  4625 | D:7      | Noticed a steam dragon
  5070 | D:6      | Noticed Pikel
  5223 | D:6      | Noticed Duvessa
  5224 | D:6      | Noticed Dowan
  5248 | D:6      | Killed Duvessa
  5276 | D:6      | Killed Dowan
  5370 | D:6      | Noticed Menkaure
  5403 | D:6      | Killed Menkaure
  5597 | D:6      | Gained mutation: You have razor-sharp teeth. [Vine Stalker
                  | growth]
  5597 | D:6      | Reached XP level 8. HP: 36/38 MP: 6/9
  5671 | D:6      | HP: 1/38 [Pikel (8)]
  5671 | D:6      | Slain by Pikel

Illustrated notes

Levels and vault maps discovered:
D:1:      scummos_arrival_checkerplants, layout_loops_ring,
          shapermc_ecumenical_altar_hornbeckon, serial_bayou_lake_a
D:2:      layout_loops_ring, serial_shops, nicolae_shop_behind_doors,
          basic_altar
D:3:      layout_loops_ring, kennysheep_generic_room_16
D:4:      layout_basic, chequers_temple_overflow_statue_of_worship,
          uniq_crazy_yiuf_cottage
D:5:      layout_loops_cross, marbit_many_paths, minmay_manual_moon
D:6:      layout_layer_cave, uniq_pikel, uniq_menkaure, uniq_duvessa
D:7:      layout_basic, minmay_temple_entry_nine_rooms
D:8:      layout_layer_cave, serial_shops, shop

Skill      XL: |  1  2  3  4  5  6  7 |
---------------+----------------------+-----
Stealth        | 5 6 8 |  8.6
Short Blades   | 3 4 6 |  6.9
Fighting       | |  1.7
Throwing       | |  1.7
Dodging        | |  0.7

Action                   |  1- 3 |  4- 6 |  7- 9 || total
-------------------------+-------+-------+-------++-------
Melee: Dagger            |    73 |   128 |   118 ||   319
       Bite              |    14 |    27 |    45 ||    86
Throw: Dart              |    11 |    23 |    16 ||    50
Evoke: Wand              |       |     2 |    10 ||    12
  Use: Potion            |     1 |       |       ||     1
       Scroll            |       |       |     1 ||     1
 Stab: Sleeping          |     8 |     7 |     3 ||    18
       Distracted        |     1 |     1 |       ||     2
Armor: Robe              |    11 |    18 |    15 ||    44
Dodge: Dodged            |    43 |    69 |    62 ||   174

Table legend: (Time is in decaauts)
 A = Elapsed time spent in this place.
 B = Non-inter-level travel time spent in this place.
 C = Inter-level travel time spent in this place.
 D = Time resting spent in this place.
 E = Time spent auto-exploring this place.
 F = Levels seen in this place.
 G = Mean time per level.
                   A        B        C        D        E       F      G
               +--------+--------+--------+--------+--------+-----+--------+
         Total |   5648 |   5479 |    169 |    327 |   4148 |   8 |  706.0 |
       Dungeon |   5648 |   5479 |    169 |    327 |   4148 |   8 |  706.0 |
               +--------+--------+--------+--------+--------+-----+--------+

Top non-repeatable levels by time:
     D:3: 1461 daAuts
     D:6: 1014 daAuts
     D:4: 995 daAuts
     D:1: 937 daAuts
     D:2: 772 daAuts
     D:5: 343 daAuts
     D:8: 108 daAuts
     D:7: 16 daAuts
